 Dungeon Crawl Stone Soup version 0.29-a0-1009-g60c99734e7 (webtiles) character file.

Game seed: 8176782703785777779

788 leavemydog the Destroyer (level 7, 0/36 HPs)
             Began as a Deep Elf Conjurer on Aug 8, 2022.
             Shot with an arrow by a centaur (13 damage)
             ... on level 5 of the Dungeon.
             The game lasted 00:14:00 (5446 turns).

leavemydog the Destroyer (Deep Elf Conjurer)        Turns: 5446, Time: 00:14:02

Health: 0/36       AC:  3    Str:  6    XL:     7   Next: 56%
Magic:  18/19      EV: 12    Int: 23    God:
Gold:   329        SH:  0    Dex: 13    Spells: 13/20 levels left

rFire   + . .      SeeInvis .   w - staff of fire
rCold   . . .      Faith    .   k - orb {light}
rNeg    . . .      Spirit   .   a - +0 robe
rPois   .          Reflect  .   (no helmet)
rElec   .          Harm     .   (no cloak)
rCorr   +          Rampage  .   (no gloves)
Will    .....                   v - +0 pair of boots
Stlth   +.........              p - amulet of magic regeneration
HPRegen 0.12/turn               q - ring of resist corrosion
MPRegen 0.56/turn               y - +4 ring of slaying

@: glowing
A: no striking features
a: no special abilities


You were on level 5 of the Dungeon.
You visited 1 branch of the dungeon, and saw 5 of its levels.

You collected 329 gold pieces.

Inventory:

Hand Weapons
 E - the +8 rapier "Cadurak" {elec, rPois}
   (You found it on level 5 of the Dungeon)

   It occasionally discharges a powerful burst of electricity upon striking a
   foe.
   rPois:     It protects you from poison.
Missiles
 z - a throwing net
 A - 10 poisoned darts
 D - 5 javelins
Armour
 a - a +0 robe (worn)
 k - an orb of light (worn)
 v - a +0 pair of boots (worn)
Magical Staves
 w - a staff of fire (weapon)
Jewellery
 p - an amulet of magic regeneration (around neck)
 q - a ring of resist corrosion (left hand)
 y - a +4 ring of slaying (right hand)
Scrolls
 c - 2 scrolls of fear {unknown}
 d - 2 scrolls of immolation
 e - 4 scrolls of teleportation
 g - a scroll of enchant armour {unknown}
 i - a scroll of poison {unknown}
 j - 3 scrolls of vulnerability
 n - 4 scrolls of magic mapping {unknown}
 r - 3 scrolls of noise {unknown}
 B - a scroll of fog {unknown}
Potions
 b - a potion of magic
 f - 2 potions of might
 h - a potion of haste {unknown}
 l - a potion of attraction {unknown}
 m - a potion of lignification {unknown}
 o - a potion of invisibility {unknown}
 s - a potion of brilliance {unknown}
 t - a potion of mutation {unknown}
 u - 3 potions of curing
 x - a potion of degeneration {unknown}
Miscellaneous
 C - a piece from Xom's chessboard (15/15)


   Skills:
 - Level 2.4 Dodging
 - Level 2.4 Stealth
 + Level 7.1 Spellcasting
 + Level 8.0 Conjurations
 * Level 3.2 Translocations


You had 13 spell levels left.
You knew the following spells:

 Your Spells              Type           Power      Damage    Failure   Level
a - Magic Dart            Conj           100%       1d8       1%          1
b - Searing Ray           Conj           90%        2d7       1%          2
c - Iskenderun's Mystic   Conj/Tloc      34%        2d8       8%          4

Your spell library contained the following spells:

 Spells                   Type           Power      Damage    Failure   Level
 Foxfire                  Conj/Fire      100%       2x1d9     1%          1
 Conjure Flame            Conj/Fire      40%        6-21      4%          3
 Dazzling Flash           Conj/Hex       52%        N/A       4%          3
 Sublimation of Blood     Necr           8%         N/A       12%         2
 Wereblood                Tmut           8%         N/A       12%         2
 Flame Wave               Conj/Fire      40%        2d11      14%         4
 Fulminant Prism          Conj/Hex       13%        3d9       14%         4
 Passage of Golubria      Tloc           23%        N/A       21%         4
 Inner Flame              Hex/Fire       12%        N/A       22%         3
 Silence                  Hex/Air        4%         N/A       91%         5
 Summon Hydra             Summ           4%         N/A       100%        7
 Lehudib's Crystal Spear  Conj/Erth      13%        10d4      100%        8


Dungeon Overview and Level Annotations

Branches:
Dungeon (5/15)
 Temple: D:4-7

Altars:
Kikubaaqudgha
Qazlal

Shops:
D:1 *

Annotations:
D:4 2 transporters, t4s4d4r's ghost, amateur MeFi


Message History

The ice beast is severely wounded.
The ice beast hits you but does no damage.
The searing ray hits the ice beast.
The ice beast is almost dead.
You finish channelling your searing ray.
The ice beast hits you. The ice beast freezes you!
Casting: Searing Ray (safe; 1% risk of failure)
Confirm with . or Enter, or press ? or * to list all spells.
The spell is quite dangerous to miscast (9% risk of failure)!
Continue anyway?
You erupt in a blast of force!
The mystic blast hits the ice beast.
You kill the ice beast!
Your Spellcasting skill increases to level 7!
Your Conjurations skill increases to level 8!
You start resting.
Magic restored.
You start resting.
A centaur comes into view.
Casting: Iskenderun's Mystic Blast (quite dangerous; 8% risk of failure)
Confirm with . or Enter, or press ? or * to list all spells.
Okay, then.
Casting: Iskenderun's Mystic Blast (quite dangerous; 8% risk of failure)
Confirm with . or Enter, or press ? or * to list all spells.
Aiming: Magic Dart (safe; 1% risk of failure)
Press: ? - help, Shift-Dir - straight line, f - centaur
Aim: a centaur (wandering, hasn't noticed you, 100% to hit)
The magic dart hits the centaur.
The centaur is moderately wounded.
The centaur shouts!
The centaur wields a +0 shortbow.
The centaur shoots an arrow.
The arrow hits you!
Casting: Magic Dart (safe; 1% risk of failure)
Confirm with . or Enter, or press ? or * to list all spells.
Aiming: Magic Dart (safe; 1% risk of failure)
Press: ? - help, Shift-Dir - straight line, f/p - centaur
Aim: a centaur, wielding a +0 shortbow (moderately wounded, 100% to hit)
The magic dart hits the centaur but does no damage.
The centaur is moderately wounded.
The centaur shoots an arrow.
The arrow hits you.
The centaur shoots an arrow.
The arrow hits you!
You die...

_.######.#...........#
#.#..########.#
.#.######.#..# ###
......c...#..#
#...####..#..# #
#.......# #.......#
##.......####
#........@..# ####
#...........# ...
#....)...##.#
#..#........# .#
#..#.##.#.#.# #
#....†........
####.##...####.
#.###### #<########


You could see a centaur.

Vanquished Creatures
  Menkaure (D:4)
  An ice beast (D:5)
  A jelly (D:4)
  4 orc priests
  Terence (D:2)
  2 iguanas (D:4)
  Natasha (thrice) (D:3)
  An orc wizard (D:3)
  Ijyb (D:3)
  6 adders
  4 gnolls (D:4)
  3 worms
  3 dart slugs
  23 orcs
  10 ball pythons
  8 endoplasms
  6 giant cockroaches
  5 goblins
  4 hobgoblins
  4 jackals (D:5)
  9 kobolds
  2 quokkas
  8 bats
  5 frilled lizards
  6 rats
121 creatures vanquished.

Notes
Turn   | Place    | Note
-------+----------+-------------------------------------------
     0 | D:1      | leavemydog the Deep Elf Conjurer began the quest for the
                  | Orb.
     0 | D:1      | Reached XP level 1. HP: 10/10 MP: 6/6
   115 | D:1      | Found a faded altar of an unknown god.
   302 | D:1      | Found Ithryf's Assorted Antiques.
   315 | D:1      | Reached XP level 2. HP: 15/15 MP: 5/8
   318 | D:1      | Learned a level 2 spell: Searing Ray
   406 | D:1      | Reached skill level 5 in Conjurations
  1097 | D:2      | Reached XP level 3. HP: 19/19 MP: 5/9
  1814 | D:2      | Noticed Terence
  1820 | D:2      | Killed Terence
  1821 | D:2      | Reached XP level 4. HP: 24/24 MP: 6/11
  1946 | D:2      | Reached skill level 6 in Conjurations
  1951 | D:2      | Learned a level 4 spell: Iskenderun's Mystic Blast
  2013 | D:3      | Noticed Natasha
  2016 | D:3      | Killed Natasha
  2216 | D:3      | Noticed Ijyb
  2234 | D:3      | Killed Ijyb
  2235 | D:3      | Reached skill level 1 in Translocations
  2235 | D:3      | Reached XP level 5. HP: 16/28 MP: 7/13
  3198 | D:3      | Noticed Natasha
  3202 | D:3      | Killed Natasha
  3203 | D:3      | Reached skill level 5 in Spellcasting
  3516 | D:3      | Reached XP level 6. HP: 18/32 MP: 11/15
  3785 | D:3      | Noticed Natasha
  3790 | D:3      | Killed Natasha
  3791 | D:3      | Reached skill level 7 in Conjurations
  4235 | D:4      | Found an ancient bone altar of Kikubaaqudgha.
  4242 | D:4      | Noticed Menkaure
  4250 | D:4      | Killed Menkaure
  4251 | D:4      | Reached XP level 7. HP: 36/36 MP: 12/18
  4866 | D:4      | Found a transporter.
  4868 | D:4      | Noticed t4s4d4r's ghost (amateur MeFi)
  4869 | D:4      | Found a transporter.
  4870 | D:4      | Identified the +5 giant club "Qyungu" {pain, Fly rF+ SInv}
  4981 | D:4      | Identified the +1 ring mail of Dim Light {rElec rPois Int+2
                  | Dex-3}
  5275 | D:5      | Entered Level 5 of the Dungeon
  5331 | D:5      | Found a stormy altar of Qazlal.
  5338 | D:5      | Identified the +8 rapier "Cadurak" {elec, rPois}
  5375 | D:5      | Reached skill level 8 in Conjurations
  5446 | D:5      | Shot with an arrow by a centaur

Illustrated notes

Levels and vault maps discovered:
D:1:      saegor_arrival_simple_a, layout_loops_ring,
          shapermc_ecumenical_altar_ellora, serial_shops, shop_coins
D:2:      layout_loops_cross, chequers_serial_rivers_micro_b, nrook_campfire,
          uniq_terence
D:3:      minmay_octagon_keep, layout_basic, serial_glass, glass_columns_b,
          glass_columns_b, glass_columns_a, glass_columns_a, glass_columns_c,
          glass_columns_b, skrybe_limestone_x, uniq_ijyb, uniq_natasha
D:4:      layout_layer_cave, kiku_gazebo_pond_becter, gammafunk_ghost_smash,
          uniq_menkaure
D:5:      old_forge, layout_loops_ring, fedhas_altar_decomposition,
          mainiacjoe_overflow_tiny_flanked, biasface_ghost_orc_armoury

Skill      XL: |  1  2  3  4  5  6  7 |
---------------+----------------------+-----
Conjurations   | 5 6 7 8 |  8.0
Spellcasting   | 4 5 6 7 |  7.1
Translocations | 1 2 3 |  3.2
Dodging        | |  2.4
Stealth        | |  2.4

Action                   |  1- 3 |  4- 6 |  7- 9 || total
-------------------------+-------+-------+-------++-------
Melee: Staff             |       |     3 |       ||     3
 Cast: Magic Dart        |    55 |   113 |    35 ||   203
       Searing Ray       |     2 |    13 |     7 ||    22
       Iskenderun's Myst |       |     2 |     1 ||     3
  Use: Scroll            |       |     5 |     1 ||     6
       Potion            |       |     2 |     1 ||     3
Armor: Robe              |       |     4 |     1 ||     5
Dodge: Dodged            |     2 |    12 |     4 ||    18

Table legend: (Time is in decaauts)
 A = Elapsed time spent in this place.
 B = Non-inter-level travel time spent in this place.
 C = Inter-level travel time spent in this place.
 D = Time resting spent in this place.
 E = Time spent auto-exploring this place.
 F = Levels seen in this place.
 G = Mean time per level.
                   A        B        C        D        E       F      G
               +--------+--------+--------+--------+--------+-----+--------+
         Total |   5455 |   5267 |    188 |   1744 |   2955 |   5 | 1091.0 |
       Dungeon |   5455 |   5267 |    188 |   1744 |   2955 |   5 | 1091.0 |
               +--------+--------+--------+--------+--------+-----+--------+

Top non-repeatable levels by time:
     D:3: 2146 daAuts
     D:4: 1125 daAuts
     D:2: 1032 daAuts
     D:1: 980 daAuts
     D:5: 170 daAuts
